 Dungeon Crawl Stone Soup version 0.19.5 (webtiles) character file.

8453938 Zrachosh the Conqueror (level 27, 232/273 HPs)
             Began as a Minotaur Gladiator on May 20, 2017.
             Was the Champion of Zin.
             Escaped with the Orb
             ... and 11 runes on May 21, 2017!
             The game lasted 15:17:27 (108383 turns).

Zrachosh the Conqueror (Minotaur Gladiator)       Turns: 108383, Time: 15:17:28

Health: 232/273    AC: 24    Str: 26    XL:     27
Magic:  14/51      EV: 42    Int:  6    God:    Zin [******]
Gold:   7872       SH: 40    Dex: 28    Spells: 1 memorised, 38 levels left

rFire  + + +     SeeInvis +     C - +9 trishula (holy)
rCold  + + +     Gourm    .     q - +4 moon troll leather armour {Spirit, Regen++ MP+5}
rNeg   + + +     Faith    .     U - +9 large shield of Ypapn {rF+}
rPois  +         Spirit   +     i - +0 hat of the Hare {rF+ MR+}
rElec  +         Reflect  +     t - +1 cloak of Starlight {rElec rC+ EV+4 Stlth--}
rCorr  .         Harm     .     W - +2 pair of gloves "Booguroa" {rC+ MP+9 SInv Stlth+}
MR     +++..                    a - +2 pair of boots {Fly}
Stlth  +++.......               s - amulet "Geuf" {Reflect rElec Dex+4 SH+3}
                                m - ring "Plog" {Ice Str+2 Dex+8 Stlth+}
                                R - ring of Vehumet's Benevolence {*Contam rPois rF++ rN+++ Dex-3}

@: short of breath, flying, very slightly contaminated, hasted, very quick
A: retaliatory headbutt, horns 2, blurry vision 1, deterioration 1
a: Recite, Vitalisation, Imprison, Sanctuary, Donate Gold, Renounce Religion,
Stop Flying
0: Orb of Zot
}: 11/15 runes: barnacled, slimy, silver, golden, iron, obsidian, icy, bone,
abyssal, demonic, gossamer


You escaped.
You worshipped Zin.
Zin was exalted by your worship.
You were not hungry.

You visited 18 branches of the dungeon, and saw 89 of its levels.
You visited Pandemonium 1 time, and saw 14 of its levels.
You visited the Abyss 2 times.
You also visited: Labyrinth, Trove, Sewer, Ice Cave and Wizlab.

You collected 13548 gold pieces.
You spent 5526 gold pieces at shops.
You donated 150 gold pieces to Zin.

Inventory:

Hand Weapons
 C - a +9 trishula of holy wrath (weapon)
Missiles
 e - 21 poisoned javelins (quivered)
 H - 7 throwing nets
 V - 3 javelins of returning
 Z - 10 javelins of penetration
Armour
 a - a +2 pair of boots of flying (worn)
 i - the +0 hat of the Hare (worn) {rF+ MR+}
   (You found it in a treasure trove)

   It protects you from fire.
   It affects your resistance to hostile enchantments.
 q - the +4 moon troll leather armour (worn) {Spirit, Regen++ MP+5}
   (You found it on level 6 of the Lair of Beasts)

   It affects your magic capacity (+5).
   It increases your rate of regeneration.
 t - the +1 cloak of Starlight (worn) {rElec rC+ EV+4 Stlth--}
   (You found it on level 3 of the Tomb of the Ancients)

   It affects your evasion (+4).
   It protects you from cold.
   It insulates you from electricity.
   It makes you much less stealthy.
 U - the +9 large shield of Ypapn (worn) {rF+}
   (Okawaru gifted it to you on level 3 of the Spider Nest)

   It protects you from fire.
 W - the +2 pair of gloves "Booguroa" (worn) {rC+ MP+9 SInv Stlth+}
   (You found it on level 4 of the Spider Nest)

   It protects you from cold.
   It affects your magic capacity (+9).
   It lets you see invisible.
   It makes you more stealthy.
Jewellery
 m - the ring "Plog" (right hand) {Ice Str+2 Dex+8 Stlth+}
   (You found it on level 5 of the Dungeon)

   [ring of ice]

   It enhances your ice magic.
   It affects your strength (+2).
   It affects your dexterity (+8).
   It makes you vulnerable to fire.
   It protects you from cold.
   It makes you more stealthy.
 s - the amulet "Geuf" (around neck) {Reflect rElec Dex+4 SH+3}
   (You bought it in a shop on level 2 of the Elven Halls)

   [amulet of reflection]

   It shields you and reflects attacks.
   It affects your dexterity (+4).
   It insulates you from electricity.
   It affects your SH (+3).
 v - the ring of Dath {-Tele MR+ Dex+3 Stlth-}
   (You found it in Pandemonium)

   [ring of loudness]

   It affects your dexterity (+3).
   It affects your resistance to hostile enchantments.
   It prevents most forms of teleportation.
   It makes you less stealthy.
 R - the ring of Vehumet's Benevolence (left hand) {*Contam rPois rF++ rN+++ Dex-3}
   (You found it in a treasure trove)

   [ring of poison resistance]

   It affects your dexterity (-3).
   It greatly protects you from fire.
   It protects you from poison.
   It renders you almost immune to negative energy.
   It causes magical contamination when unequipped.
Wands
 d - a wand of teleportation (6/9)
 h - a wand of disintegration (9/24)
 z - a wand of digging (11/24)
Scrolls
 b - 20 scrolls of remove curse
 c - 10 scrolls of magic mapping
 g - 26 scrolls of identify
 j - 19 scrolls of teleportation
 p - a scroll of amnesia
 w - a scroll of enchant armour
 y - 14 scrolls of fog
 A - 5 scrolls of summoning
 B - 4 scrolls of fear
 D - 8 scrolls of blinking
 P - a scroll of silence
 T - 4 scrolls of holy word
Potions
 f - 5 potions of agility
 k - 12 potions of curing
 l - 2 potions of invisibility
 o - 4 potions of might
 u - 7 potions of haste
 G - 8 potions of heal wounds
 Q - 3 potions of cancellation
Books
 x - a book of Party Tricks

   Spells                             Type                      Level
   a - Summon Butterflies             Summoning                    1
   b - Apportation                    Translocation                1
   c - Lesser Beckoning               Translocation                3
   d - Tukima's Dance                 Hexes                        3
   e - Alistair's Intoxication        Transmutation/Poison         5
   f - Invisibility                   Hexes                        6
Comestibles
 r - 2 meat rations
 K - 19 bread rations


   Skills:
 O Level 27 Fighting
 + Level 20.3 Polearms
 * Level 19.2 Throwing
 O Level 27 Armour
 O Level 27 Dodging
 + Level 16.2 Stealth
 O Level 27 Shields
 * Level 23.9 Unarmed Combat
 + Level 6.5 Spellcasting
 * Level 22.6 Invocations
 - Level 4.6 Evocations


You had 38 spell levels left.
You knew the following spells:

 Your Spells              Type           Power        Failure   Level  Hunger
a - Apportation           Tloc           #.........   28%         1    #......


Dungeon Overview and Level Annotations

Branches:
Dungeon (15/15)            Temple (1/1) D:5            Lair (6/6) D:8
 Shoals (4/4) Lair:4       Spider (4/4) Lair:3        Slime (5/5) Lair:5
    Orc (2/2) D:9             Elf (3/3) Orc:2        Vaults (5/5) D:14
  Crypt (3/3) Vaults:2       Tomb (3/3) Crypt:3      Depths (5/5) D:15
   Hell (1/1)                 Dis (7/7) Hell            Geh (7/7) Hell
    Coc (7/7) Hell            Tar (7/7) Hell            Zot (5/5) Depths:5

Altars:
Ashenzari
Cheibriados
Dithmenos
Elyvilon
Fedhas
Gozag
Hepliaklqana
Kikubaaqudgha
Makhleb
Nemelex Xobeh
Okawaru
Qazlal
Ru
Sif Muna
Trog
Uskayaw
Vehumet
Xom
Yredelemnul
Zin
The Shining One
Beogh
Jiyva

Shops:
D:4 !   D:9 =   D:11 ?   Orc:1 ?   Orc:2 [:}!*   Elf:1 [*%   Elf:2 *}==
Shoals:1 :   Shoals:3 %   Vaults:2 ?   Depths:2 }

Portals:
Hell: Depths:1 Depths:2 Depths:3 Depths:4 Depths:5
Abyss: Depths:4
Pandemonium: Depths:1 Depths:3
Ziggurat: Depths:4

Annotations:
Elf:3 Mara


Innate Abilities, Weirdness & Mutations

You reflexively headbutt those who attack you in melee.
You have a pair of horns on your head.
Scrolls take you a little longer to read.
Your body sometimes deteriorates upon taking damage.


Message History

You see here a stone. "...smitten.
And it was thus that the law was made good."
You finish reciting Abominations 25:47.
Kuruton comes into view.
Kuruton bellows, "I shall devour thy head!"
You block Kuruton's attack.
Evoke which item? (* to show all) (? for menu, Esc to quit)
Zapping:
z - a wand of digging (12/24)
Press: ? - help, Shift-Dir - straight line The rock shatters into small pieces.
This wand has 11 charges left.
Kuruton hits you!!
You feel your power leaking away.
A large abomination comes into view.
Kuruton hits you but does no damage. Kuruton hits you!!
You feel your power leaking away.
An Orb Guardian comes into view.
The Orb Guardian moves out of view.
You block the Orb Guardian's attack.
There is a staircase leading out of the dungeon here.
You have escaped!

........###..### ##.# #..#
.######...#....### #.# ###..# .#
###..X.....######.###....# .#
#######...##.........#.# .#
##...................#.#
.########...####.............#.#
...........3..X..............#.#
#########..§§≈§≈&≈.§≈≈≈§§§..##.#
#.§≈.≈..@§.≈§§.§§≈§.##.#
#########..≈§≈.§≈≈.≈§≈§§≈≈..##.#
#..†......§§...§.§§§§§§.....##.##
..#######..§≈§.≈≈§.≈≈§§≈≈≈......>
### #..§§§§§§§.§§§§≈§§.......
##..≈§≈§§≈§.§§§§≈.≈.#.....
#...§§.§§........§§§#.....
######.[§≈≈≈.§≈§≈≈≈≈.≈≈≈.......
###.....>....≈§§..§..≈.≈.§.......


You could see Kuruton, an Orb Guardian and a sixfirhy.

Vanquished Creatures
  the Royal Jelly (Slime:5)
  Asmodeus (Geh:7)
  Ereshkigal (Tar:7)
  the Serpent of Hell (Tar:7)
  Dispater (Dis:7)
  5 ancient liches
  8 orbs of fire (Zot:5)
  The ghost of maxonian the Metallomancer, a legendary FoEE of Vehumet (Crypt:3)
  Mennas (Tomb:2)
  The ghost of busta the Slayer, a legendary DsGl of Makhleb (Pan)
  Sojobo (Depths:4)
  31 greater mummies
  4 shard shrikes
  A caustic shrike (Depths:3)
  Xtahua (Depths:4)
  2 Killer Klowns (Zot:5)
  A curse toe (Zot:5)
  11 golden dragons
  Geryon (Hell)
  2 bone dragons
  Jory (Tomb:3)
  The ghost of Peloso the Hoplite, an adept MiFi of Okawaru (Vaults:4)
  Arachne (Spider:2)
  9 iron giants
  11 Brimstone Fiends
  The ghost of sreda the Brawler, an adept MiFi of Okawaru (Elf:3)
  A doom hound (Tar:7)
  A Cloud Mage (WizLab)
  17 Tzitzimimeh
  Jorgrun (Vaults:1)
  5 electric golems
  A shard shrike zombie (Crypt:2)
  15 Ice Fiends
  4 hellephants
  12 Hell Sentinels
  11 liches
  16 tentacled monstrosities
  3 pandemonium lords (Pan)
  27 Orb Guardians
  A deep elf master archer (Crypt:3)
  A shard shrike skeleton (Crypt:1)
  17 acid blobs
  10 deep elf blademasters
  9 titans
  9 quicksilver dragons
  2 krakens
  13 death cobs
  8 sphinxes
  21 ancient champions
  6 Executioners
  Gastronok (Orc:1)
  9 tentacled starspawn
  17 storm dragons
  8 draconian monks
  3 daevas (Pan)
  9 shadow dragons
  Ilsuiw (Shoals:4)
  Roxanne (Spider:3)
  8 tengu reavers
  3 revenants
  19 azure jellies
  Kirke (Lair:4)
  25 fire giants
  7 draconian knights
  19 balrugs
  28 frost giants
  10 cacodemons
  15 vault wardens
  6 deep elf sorcerers
  Aizul (Elf:3)
  Louise (Depths:4)
  4 corrupters (Pan)
  4 draconian scorchers
  An angel (Zot:1)
  4 draconian shifters
  5 curse skulls
  An orc warlord (Vaults:5)
  10 iron dragons (Dis:7)
  6 draconian zealots
  9 emperor scorpions
  3 deep elf elementalists
  9 ghost moths
  6 ghouls
  9 ironheart preservers
  5 warmongers (Pan)
  A caustic shrike skeleton (Depths:3)
  A black sun (Pan)
  4 elemental wellsprings (Coc:7)
  3 blood saints (Pan)
  26 stone giants
  26 war gargoyles
  54 reapers
  A draconian caller (Zot:5)
  4 draconian annihilators
  54 very ugly things
  An entropy weaver (Abyss:3)
  2 spriggan defenders (Depths:3)
  18 vampire knights
  An apis (Pan)
  8 deep elf demonologists
  6 bennus (Tomb:1)
  14 green draconians
  16 black draconians
  4 dire elephants (Abyss:3)
  17 red draconians
  6 deep elf annihilators
  10 yellow draconians
  8 lorocyprocas
  14 mottled draconians
  16 purple draconians
  4 spark wasps
  12 white draconians
  4 merfolk javelineers (Shoals:4)
  A crystal guardian (Vaults:4)
  5 eidola
  21 blizzard demons
  6 death oozes
  6 green deaths
  14 deep elf death magi
  2 quicksilver dragon zombies
  13 ettins
  A minotaur (Lab)
  30 mummy priests
  5 merfolk impalers
  The ghost of siprus the Envoy of Void, a journeyman DsAK of Lugonu (D:12)
  10 deep elf high priests
  13 jiangshi
  Harold (Lair:1)
  22 vault guards
  11 fire dragons
  12 great orbs of eyes
  5 kraken zombies
  8 rakshasas
  7 yaktaur captains
  Erolcha (Orc:1)
  4 catoblepae
  6 monstrous demonspawn (Pan)
  7 spriggan air magi
  3 hydras
  A hydra (shapeshifter) (Vaults:4)
  24 ice dragons
  A ghost crab (shapeshifter) (Vaults:5)
  Erica (Orc:1)
  5 death knights
  3 quicksilver dragon skeletons
  8 centaur warriors
  2 ghost crabs
  2 merfolk avatars
  A satyr (Shoals:2)
  4 hell beasts
  An alligator (shapeshifter) (D:15)
  7 merfolk aquamancers
  93 death scarabs
  9 tengu warriors
  38 dancing weapons
  13 death yaks (Lair:6)
  12 ogre magi
  6 deep troll earth magi
  19 thrashing horrors
  6 orc high priests
  8 vampire magi
  4 deep troll shamans
  A shock serpent (shapeshifter) (Depths:5)
  5 hell hogs
  7 titan zombies
  23 small abominations
  Nergalle (Lair:2)
  6 iron golems
  2 storm dragon zombies
  36 deep elf knights
  29 sun demons
  22 soul eaters
  2 titan skeletons
  138 skeletal warriors
  25 hell knights
  3 infernal demonspawn (Pan)
  13 iron trolls
  3 fire crabs
  33 deep trolls
  3 ghost moth zombies
  4 wretched stars
  5 spatial maelstroms
  47 large abominations
  A storm dragon skeleton (Vaults:1)
  18 sixfirhies
  A fire crab (shapeshifter) (Vaults:3)
  7 sea snakes
  3 golden dragon zombies
  7 shadow wraiths
  4 death drakes
  4 torturous demonspawn (Pan)
  5 unseen horrors
  A kraken simulacrum (Coc:7)
  A quicksilver dragon simulacrum (Abyss:3)
  7 hill giants
  8 glowing orange brains
  6 shadow dragon zombies
  15 shadow demons
  9 wizards
  4 golden dragon skeletons
  9 flayed ghosts
  28 deep elf archers
  3 gelid demonspawn (Pan)
  2 anaconda skeletons
  4 iron dragon zombies
  17 ironbrand convokers
  3 lindwurms (Depths:5)
  3 wolf spider zombies
  14 harpies
  22 orc knights
  A mana viper (shapeshifter) (Depths:2)
  8 anaconda zombies
  28 phantasmal warriors
  20 orb spiders
  5 tengu zombies
  107 deep elf magi
  53 ugly things
  29 wolf spiders
  2 oklob plants (Shoals:2)
  3 shadow dragon skeletons
  3 human zombies
  11 fauns
  11 shining eyes
  13 necromancers
  2 frost giant zombies
  A salamander (Depths:5)
  3 orc sorcerers
  3 iron dragon skeletons
  6 stone giant zombies
  2 salamanders (shapeshifter)
  A sphinx skeleton (Depths:3)
  13 manticores
  27 moths of wrath
  6 cyclopes
  A worldbinder (Abyss:3)
  13 fire giant zombies
  2 frost giant skeletons
  14 vault sentinels
  5 fire giant skeletons
  20 elephants
  A spriggan zombie (Depths:2)
  A moth of wrath (shapeshifter) (Vaults:5)
  3 dire elephant zombies
  3 guardian serpents
  6 black mambas
  5 stone giant skeletons
  17 smoke demons
  Psyche (D:11)
  4 centaur zombies
  2 apocalypse crabs (Abyss:3)
  6 ice statues
  13 orange demons
  A guardian serpent (shapeshifter) (Depths:1)
  30 rust devils
  9 spiny frogs
  5 water nymphs
  4 molten gargoyles
  15 sirens
  2 torpor snails (Spider:2)
  11 spectral swamp worms (Tar:7)
  6 titan simulacra (Coc:7)
  6 storm dragon simulacra (Coc:7)
  2 gargoyles
  3 komodo dragons
  16 demonic crawlers
  2 emperor scorpion zombies
  7 rime drakes
  3 shock serpent skeletons
  4 anaconda simulacra (Coc:7)
  19 tormentors
  A dire elephant skeleton (Coc:7)
  3 kobold demonologists
  6 efreet
  22 freezing wraiths
  2 yaktaurs (shapeshifter)
  A komodo dragon (shapeshifter) (Depths:4)
  A redback zombie (Crypt:1)
  2 white draconian skeletons
  32 ice devils
  15 hellions
  42 yaktaurs
  2 catoblepas skeletons
  15 hydra zombies
  24 red devils
  43 merfolk
  39 guardian mummies
  7 ancient zymes
  8 hellwings
  3 tengu conjurers
  3 silent spectres
  3 meliai (D:14)
  A purple draconian skeleton (Crypt:1)
  43 jumping spiders
  4 polar bears
  6 trolls
  14 wind drakes
  A meliai (shapeshifter) (Vaults:4)
  8 hippogriffs
  25 raiju
  A harpy skeleton (Coc:3)
  167 slime creatures
  14 hornets
  A two-headed ogre (shapeshifter) (Abyss:3)
  33 blink frogs
  28 two-headed ogres
  A hippogriff (shapeshifter) (Depths:3)
  2 raiju (shapeshifter)
  A minotaur skeleton (Crypt:3)
  7 alligator zombies
  7 bog bodies
  3 fire dragon zombies
  7 snapping turtles
  A frost giant simulacrum (Vaults:2)
  5 ettin zombies
  17 dream sheep
  126 flying skulls
  8 hydra skeletons
  2 spriggans (shapeshifter)
  4 ice dragon skeletons
  3 ice dragon zombies
  76 redbacks
  A fire giant simulacrum (Crypt:1)
  18 ynoxinuls
  52 air elementals
  28 tarantellas
  19 shadows
  A guardian serpent skeleton (Crypt:3)
  32 wraiths
  2 tarantellas (shapeshifter)
  A vampire (Abyss:3)
  2 alligator skeletons
  3 ettin skeletons
  3 fire dragon skeletons
  33 water elementals
  31 ushabtiu
  4 basilisks (Lab)
  71 yaks
  2 fire bats
  15 fire elementals
  7 wyverns
  Grum (D:11)
  10 neqoxecs
  A yaktaur simulacrum (Vaults:3)
  3 golden eyes
  5 hogs
  2 humans
  2 hungry ghosts
  A mottled dragon (shapeshifter) (Vaults:1)
  14 chaos spawn
  An elf skeleton (Vaults:1)
  10 insubstantial wisps (WizLab)
  7 vampire mosquitoes
  2 elf zombies
  2 mottled dragons
  3 wargs
  A black mamba skeleton (Geh:5)
  13 spatial vortices (Abyss:3)
  9 water moccasins
  A water nymph zombie (Crypt:1)
  35 hell hounds
  A soldier ant (D:14)
  7 hydra simulacra
  7 porcupines
  14 spiny frog zombies
  A merfolk skeleton (Coc:2)
  45 orc warriors
  4 sky beasts
  8 swamp drakes (Depths:5)
  3 snapping turtle zombies
  An ice dragon simulacrum (Vaults:1)
  An infernal demonspawn skeleton (Tomb:3)
  8 phantoms
  2 manticore zombies
  25 ice beasts
  An alligator simulacrum (Coc:7)
  5 spiny frog skeletons
  3 black bears
  13 eyes of draining
  6 necrophages
  3 boggarts (D:15)
  13 wolves
  37 ogres
  3 swamp dragon skeletons
  A snapping turtle skeleton (Geh:4)
  24 centaurs
  12 crocodiles
  2 manticore skeletons
  16 bullfrogs
  3 big kobolds
  A gnoll sergeant (D:8)
  A yaktaur skeleton (Crypt:1)
  2 human skeletons
  5 earth elementals
  A salamander skeleton (Crypt:2)
  A water moccasin zombie (D:8)
  A hell hound skeleton (Crypt:3)
  An ogre simulacrum (Vaults:1)
  12 scorpions
  A warg zombie (Crypt:2)
  A troll zombie (Crypt:3)
  2 human simulacra
  7 killer bees
  A spriggan skeleton (Crypt:2)
  69 wights
  6 electric eels
  A howler monkey (D:6)
  26 crimson imps
  A bullfrog zombie (D:11)
  7 quasits
  16 starcursed masses
  9 hounds
  A gnoll shaman (D:4)
  4 jellies
  A black bear zombie (Crypt:2)
  3 bullfrog skeletons
  41 orc priests
  3 centaur skeletons
  19 orc wizards
  30 iron imps
  3 iguanas
  9 worker ants
  Ijyb (D:2)
  A hound zombie (Crypt:1)
  50 mummies
  17 adders
  6 gnolls
  A river rat (shapeshifter) (Vaults:5)
  6 shadow imps
  11 white imps
  An ufetubus (Abyss:2)
  2 oozes
  A lava snake skeleton (Crypt:3)
  5 worms
  A dart slug (shapeshifter) (Vaults:5)
  7 dart slugs
  6 leopard geckos
  98 orcs
  4 giant cockroaches
  16 goblins
  5 hobgoblins
  11 jackals
  7 quokkas
  3 ball pythons
  A ball python skeleton (Crypt:3)
  10 bats
  8 frilled lizards
  A giant cockroach zombie (Crypt:1)
  A goblin skeleton (Crypt:3)
  A hobgoblin skeleton (Crypt:2)
  9 kobolds
  A leopard gecko skeleton (D:7)
  A leopard gecko zombie (D:8)
  2 quokka zombies
  5 rats
  A river rat skeleton (Crypt:2)
  A butterfly (Lair:5)
  2 crawling corpses (Vaults:5)
  2 lurking horrors (Abyss:3)
  4 pillars of salt
  5 plants
  8 starspawn tentacles
  10 tentacles
4857 creatures vanquished.

Vanquished Creatures (collateral kills)
  A Tzitzimitl (Tar:7)
  A Brimstone Fiend (Geh:7)
  2 azure jellies (Slime:5)
  A fire giant (Vaults:5)
  A war gargoyle (Vaults:5)
  2 death oozes (Slime:5)
  A great orb of eyes (Slime:5)
  3 vault guards (Vaults:5)
  A sun demon (Geh:7)
  An anaconda zombie (Geh:7)
  2 slime creatures (Slime:5)
  A spectral swamp worm (Tar:7)
  A shock serpent skeleton (Geh:7)
  An efreet (Geh:7)
  A tormentor (Geh:7)
  A harpy zombie (Geh:7)
  6 flying skulls
  An orc warrior (Vaults:5)
  An eye of draining (Slime:5)
29 creatures vanquished.

Vanquished Creatures (others)
  Antaeus (Coc:7)
  3 deep elf master archers
  An eldritch tentacle (Dis:7)
  A sphinx (Tomb:1)
  A fire giant (Geh:7)
  An ironheart preserver (Vaults:5)
  7 stone giants
  A purple draconian (Zot:1)
  2 merfolk javelineers
  A blizzard demon (Dis:7)
  3 yaktaur captains
  A quicksilver dragon skeleton (Tomb:3)
  4 centaur warriors
  6 death scarabs
  3 deep elf knights
  A deep troll (Depths:5)
  7 deep elf archers
  A deep elf mage (Depths:4)
  An orb spider (Spider:2)
  A cyclops (Vaults:1)
  2 moths of wrath (Zot:5)
  An iron dragon skeleton (Geh:1)
  21 yaktaurs
  A tengu conjurer (Depths:2)
  An ice devil (Zot:5)
  11 flying skulls
  2 ushabtiu (Tomb:2)
  2 insubstantial wisps (WizLab)
  A hell hound (Geh:7)
  An orc warrior (Vaults:5)
  2 centaurs
  4 mummies (Tomb:2)
  A white imp (Abyss:3)
  An orc (Orc:2)
  A goblin (D:2)
  A bush (Lair:6)
  8 fungi
  46 pillars of salt
  75 plants
  25 starspawn tentacles
  30 tentacles
284 creatures vanquished.

Grand Total: 5170 creatures vanquished

Notes
Turn   | Place    | Note
-------+----------+-------------------------------------------
     0 | D:1      | Zrachosh the Minotaur Gladiator began the quest for the Orb.
     0 | D:1      | Reached XP level 1. HP: 18/18 MP: 0/0
    50 | D:1      | Reached XP level 2. HP: 25/25 MP: 1/1
   532 | D:2      | Reached XP level 3. HP: 25/30 MP: 2/2
   618 | D:2      | Noticed Ijyb
   729 | D:2      | Found a blossoming altar of Fedhas.
   758 | D:2      | Found a burning altar of Makhleb.
   760 | D:2      | Noticed a balrug
   985 | D:3      | Reached XP level 4. HP: 38/38 MP: 3/3
  1051 | D:3      | Reached skill level 5 in Polearms
  1340 | D:3      | Found a stormy altar of Qazlal.
  1342 | D:3      | Found a deep blue altar of Sif Muna.
  1443 | D:3      | You fall through a shaft!
  1463 | D:4      | Found a snail-covered altar of Cheibriados.
  1555 | D:4      | Found a shimmering altar of Xom.
  1557 | D:4      | Found a shimmering altar of Xom.
  1594 | D:4      | Found a glowing drain.
  1611 | Sewer    | Entered a sewer
  1619 | Sewer    | Reached XP level 5. HP: 43/46 MP: 4/4
  1711 | Sewer    | Noticed a crocodile
  1780 | Sewer    | Killed a crocodile
  1904 | D:4      | Found an opulent altar of Gozag.
  2162 | D:4      | Reached XP level 6. HP: 53/53 MP: 5/5
  3007 | D:4      | Found Bokk's Distillery.
  3041 | D:4      | Bought a potion of brilliance for 40 gold pieces
  3041 | D:4      | Bought a potion of haste for 100 gold pieces
  3108 | D:4      | Found a shimmering altar of Xom.
  3109 | D:4      | Found a shimmering altar of Xom.
  3818 | D:5      | Entered Level 5 of the Dungeon
  3825 | D:5      | Reached XP level 7. HP: 60/60 MP: 6/6
  3991 | D:5      | Found a shattered altar of Ashenzari.
  4118 | D:5      | Found a staircase to the Ecumenical Temple.
  4140 | D:5      | Got a bound brass ring
  4152 | Temple   | Entered the Ecumenical Temple
  4221 | Temple   | Identified the ring "Plog" {Ice Str+2 Dex+8 Stlth+} (You found it on level 5 of the Dungeon)
  4244 | Temple   | Became a worshipper of Warmaster Okawaru
  4362 | D:6      | Reached skill level 10 in Polearms
  4565 | D:6      | Reached XP level 8. HP: 67/67 MP: 7/7
  4890 | D:7      | Reached * piety under Okawaru
  5215 | D:8      | Found a staircase to the Lair.
  5232 | D:8      | Reached ** piety under Okawaru
  5729 | D:7      | Reached XP level 9. HP: 69/72 MP: 8/8
  5963 | D:7      | Found a sparkling altar of Nemelex Xobeh.
  5974 | D:7      | Reached skill level 1 in Armour
  6088 | D:7      | Reached skill level 1 in Invocations
  6144 | D:7      | Found a shadowy altar of Dithmenos.
  6229 | Lair:1   | Entered Level 1 of the Lair of Beasts
  6267 | Lair:1   | Reached skill level 5 in Fighting
  6276 | Lair:1   | Reached *** piety under Okawaru
  6411 | Lair:1   | Noticed a rime drake
  6419 | Lair:1   | Killed a rime drake
  6929 | D:8      | Reached skill level 5 in Dodging
  7033 | D:8      | Reached **** piety under Okawaru
  7042 | D:8      | Reached XP level 10. HP: 71/83 MP: 11/11
  7516 | D:9      | Noticed a deep elf mage
  7538 | D:9      | Killed a deep elf mage
  7685 | D:9      | Found a bloodstained altar of Trog.
  7745 | D:9      | Reached ***** piety under Okawaru
  7959 | D:10     | Entered Level 10 of the Dungeon
  8044 | D:10     | Received a gift from Okawaru
  8597 | D:11     | Noticed a gargoyle
  8633 | D:11     | Killed a gargoyle
  8678 | D:11     | Noticed a white ugly thing
  8708 | D:11     | Killed a white ugly thing
  8708 | D:11     | Reached XP level 11. HP: 48/97 MP: 9/12
  8929 | D:11     | Received a gift from Okawaru
  8973 | D:11     | Reached skill level 15 in Polearms
  9183 | D:11     | Found a sacrificial altar of Ru.
  9208 | D:11     | Reached skill level 1 in Shields
  9328 | D:11     | Found Qatistreicu's Magic Scroll Shop.
  9364 | D:11     | Bought a scroll of summoning for 133 gold pieces
  9364 | D:11     | Bought a scroll of remove curse for 42 gold pieces
  9364 | D:11     | Bought a scroll of holy word for 105 gold pieces
  9487 | D:11     | Noticed Grum
  9503 | D:11     | Killed Grum
  9715 | D:12     | Noticed siprus's ghost (journeyman DsAK)
  9739 | D:12     | Killed siprus's ghost
 10057 | D:12     | Found a portal to a secret trove of treasure.
 10070 | D:12     | Noticed a red ugly thing
 10090 | D:12     | Killed a red ugly thing
 10186 | D:12     | Noticed a hill giant
 10215 | D:11     | Noticed Psyche
 10225 | D:11     | Killed Psyche
 10309 | Lair:1   | Received a gift from Okawaru
 10327 | Lair:1   | Reached skill level 10 in Fighting
 10785 | Lair:1   | Noticed Harold
 10807 | Lair:1   | Killed Harold
 11098 | Lair:1   | Noticed a fire dragon
 11135 | Lair:1   | Killed a fire dragon
 11135 | Lair:1   | Reached XP level 12. HP: 108/108 MP: 6/14
 11331 | Lair:2   | Noticed Nergalle
 11447 | Lair:1   | Reached skill level 10 in Dodging
 11710 | D:13     | Found a labyrinth entrance.
 11751 | Lab      | Entered a labyrinth
 12787 | Lab      | Noticed a minotaur
 12796 | Lab      | Killed a minotaur
 12808 | Lab      | Identified the Catalogue of Weightlessness and Cold
 13038 | D:12     | Reached skill level 5 in Invocations
 13584 | D:9      | Found a glowing golden altar of the Shining One.
 13604 | D:9      | Found a staircase to the Orcish Mines.
 13620 | D:9      | Found Ticus's Jewellery Boutique.
 13637 | D:9      | Bought a cursed amulet of inaccuracy for 20 gold pieces
 13637 | D:9      | Bought a cursed ring of teleportation for 45 gold pieces
 13637 | D:9      | Bought a cursed +5 amulet of reflection for 220 gold pieces
 13676 | Orc:1    | Entered Level 1 of the Orcish Mines
 13684 | Orc:1    | Noticed Erolcha
 13702 | Orc:1    | Found a roughly hewn altar of Beogh.
 13714 | Orc:1    | Killed Erolcha
 13770 | Orc:1    | Noticed a stone giant
 13770 | Orc:1    | Noticed Erica
 13863 | Orc:1    | Found Exaopp's Magic Scroll Shoppe.
 13866 | Orc:1    | Bought a scroll of noise for 18 gold pieces
 13866 | Orc:1    | Bought a scroll of blinking for 135 gold pieces
 13934 | Orc:1    | Noticed Gastronok
 14167 | Lair:2   | Received a gift from Okawaru
 14514 | Lair:2   | Reached skill level 5 in Armour
 14608 | Lair:2   | Killed Nergalle
 14748 | Lair:2   | Reached ****** piety under Okawaru
 14748 | Lair:2   | Reached XP level 13. HP: 115/119 MP: 16/16
 15019 | Lair:2   | Received a gift from Okawaru
 15459 | Lair:3   | Found a frozen archway.
 15537 | IceCv    | Entered an ice cave
 15752 | IceCv    | Received a gift from Okawaru
 15856 | IceCv    | Got a crude turquoise ring
 16277 | D:4      | Bought a potion of heal wounds for 50 gold pieces
 16277 | D:4      | Bought a potion of ambrosia for 80 gold pieces
 16277 | D:4      | Bought a potion of curing for 30 gold pieces
 16277 | D:4      | Bought a potion of haste for 100 gold pieces
 16277 | D:4      | Bought 2 potions of agility for 80 gold pieces
 16277 | D:4      | Bought a potion of agility for 40 gold pieces
 16277 | D:4      | Bought 2 potions of might for 80 gold pieces
 16277 | D:4      | Bought a potion of magic for 80 gold pieces
 16423 | Lair:1   | Identified the ring "Qesago Laaw" {MR+ MP+9} (You found it in an ice cave)
 16555 | D:12     | You paid a toll of 6 potions of agility to enter a treasure trove
 16556 | Trove    | Entered a treasure trove
 16604 | Trove    | Got a pitted hat
 16615 | Trove    | Identified the +0 hat of the Hare {rF+ MR+} (You found it in a treasure trove)
 16623 | Trove    | Got a crude tin ring
 16625 | Trove    | Identified the ring "Haynu" {rN+ Int+4 Dex+5} (You found it in a treasure trove)
 16650 | Trove    | Got a glittering tin ring
 16660 | Trove    | Got a slimy iron ring
 16664 | Trove    | Identified the ring "Zashrop" {AC+3 Dex+4} (You found it in a treasure trove)
 16666 | Trove    | Identified the ring of the Sturgeon {rCorr rPois} (You found it in a treasure trove)
 16674 | Trove    | Got a pair of translucent gloves
 16685 | Trove    | Identified the +0 pair of gloves of Cujizxim {rN+} (You found it in a treasure trove)
 16696 | Trove    | Got a crude bone ring
 16740 | Trove    | Got an ancient spear
 16754 | Trove    | Identified the cursed +2 spear "Qeeh Ozi" {antimagic, rC+ Str+4} (You found it in a treasure trove)
 16764 | D:12     | Identified the ring of Vehumet's Benevolence {*Contam rPois rF++ rN+++ Dex-3} (You found it in a treasure trove)
 17033 | D:11     | Bought a scroll of remove curse for 42 gold pieces
 17033 | D:11     | Bought a scroll of enchant weapon for 105 gold pieces
 17033 | D:11     | Bought a scroll of identify for 28 gold pieces
 17033 | D:11     | Bought a scroll of teleportation for 42 gold pieces
 17033 | D:11     | Bought a scroll of teleportation for 42 gold pieces
 17532 | Lair:3   | Found a hole to the Spider Nest.
 17805 | Lair:3   | Reached skill level 5 in Shields
 18150 | Lair:4   | Found a staircase to the Shoals.
 18213 | Lair:4   | Received a gift from Okawaru
 18817 | Lair:5   | Got a distressingly furry buckler
 18828 | Lair:5   | Identified the +3 buckler "Atulud" {rPois rN++ MR- rCorr} (You found it on level 5 of the Lair of Beasts)
 19157 | Lair:5   | Noticed Kirke
 19459 | Lair:4   | Killed Kirke
 19521 | Lair:5   | Found a viscous altar of Jiyva.
 19521 | Lair:5   | Found a staircase to the Slime Pits.
 19548 | Lair:5   | Reached XP level 14. HP: 130/130 MP: 18/18
 20026 | Lair:6   | Entered Level 6 of the Lair of Beasts
 20301 | Lair:6   | Received a gift from Okawaru
 20761 | Lair:6   | Received a gift from Okawaru
 21476 | Lair:6   | Reached skill level 10 in Shields
 22128 | Orc:1    | Bought a scroll of fog for 36 gold pieces
 22128 | Orc:1    | Bought a scroll of magic mapping for 63 gold pieces
 22128 | Orc:1    | Bought a scroll of fear for 63 gold pieces
 22128 | Orc:1    | Bought a scroll of fog for 36 gold pieces
 22128 | Orc:1    | Bought a scroll of identify for 36 gold pieces
 22128 | Orc:1    | Bought a scroll of identify for 36 gold pieces
 22128 | Orc:1    | Bought a scroll of fear for 63 gold pieces
 22128 | Orc:1    | Bought a scroll of blinking for 135 gold pieces
 22146 | Orc:1    | Killed a stone giant
 22146 | Orc:1    | Received a gift from Okawaru
 22198 | Orc:1    | Killed Erica
 22213 | Orc:1    | Killed Gastronok
 22351 | Orc:2    | Entered Level 2 of the Orcish Mines
 22582 | D:2      | Killed Ijyb
 23923 | D:13     | Reached XP level 15. HP: 139/139 MP: 20/20
 24791 | D:14     | Got a smoking chain mail
 25028 | D:14     | Received a gift from Okawaru
 25029 | D:14     | Got a steaming plate armour {god gift}
 25247 | D:14     | Found a gate to the Vaults.
 25453 | D:14     | Identified the +7 chain mail of Valour {rC+ MR- Int+2} (You found it on level 14 of the Dungeon)
 25463 | D:14     | Identified the +1 plate armour of Okawaru's Pride {rF+} (Okawaru gifted it to you on level 14 of the Dungeon)
 26113 | Orc:2    | Found a staircase to the Elven Halls.
 26676 | Orc:2    | Found a roughly hewn altar of Beogh.
 26851 | Orc:2    | Found Ikot's Antique Armour Shop.
 27185 | Orc:2    | Gained mutation: You are clumsy. (Dex -2) [a neqoxec]
 27649 | Orc:2    | Reached skill level 15 in Shields
 27702 | Orc:2    | Found Tonuinni's Gadget Shoppe.
 27705 | Orc:2    | Found Uwekhoywn's Distillery.
 27706 | Orc:2    | Found Axzudyepn's Book Shoppe.
 27707 | Orc:2    | Found Waiwk's Assorted Antiques.
 27719 | Orc:2    | Bought a potion of beneficial mutation for 385 gold pieces
 27719 | Orc:2    | Bought 2 potions of curing for 66 gold pieces
 27719 | Orc:2    | Bought a potion of berserk rage for 55 gold pieces
 27719 | Orc:2    | Bought a potion of might for 44 gold pieces
 27721 | Orc:2    | Bought a potion of heal wounds for 175 gold pieces
 27721 | Orc:2    | Gained mutation: You have a pair of large horns on your head. [potion of beneficial mutation]
 27887 | Elf:1    | Entered Level 1 of the Elven Halls
 28049 | Elf:1    | Received a gift from Okawaru
 28057 | Elf:1    | Reached skill level 15 in Fighting
 28192 | Orc:2    | Bought 2 potions of mutation for 55 gold pieces
 28370 | Lair:1   | Gained mutation: Your mind is acute. (Int +2) [potion of mutation]
 28370 | Lair:1   | Gained mutation: You evolve. [potion of mutation]
 28371 | Lair:1   | Lost mutation: Your mind is acute. (Int +2) [potion of mutation]
 28371 | Lair:1   | Gained mutation: Your body sometimes deteriorates upon taking damage. [potion of mutation]
 28371 | Lair:1   | Lost mutation: You are clumsy. (Dex -2) [potion of mutation]
 28372 | Lair:1   | Gained mutation: You are dopey. (Int -2) [potion of mutation]
 28372 | Lair:1   | Gained mutation: Your system is resistant to poisons. (rPois) [potion of mutation]
 28373 | Lair:1   | Gained mutation: You are frail. (-10% HP) [potion of mutation]
 28373 | Lair:1   | Gained mutation: You have large cloven feet. [potion of mutation]
 28374 | Lair:1   | Lost mutation: You have a pair of large horns on your head. [potion of cure mutation]
 28374 | Lair:1   | Lost mutation: Your body sometimes deteriorates upon taking damage. [potion of cure mutation]
 28374 | Lair:1   | Lost mutation: You are frail. (-10% HP) [potion of cure mutation]
 28374 | Lair:1   | Lost mutation: You are dopey. (Int -2) [potion of cure mutation]
 28479 | Spider:1 | Entered Level 1 of the Spider Nest
 28488 | Spider:1 | Reached skill level 10 in Armour
 28531 | Spider:1 | Reached XP level 16. HP: 71/149 MP: 16/21
 29414 | Spider:1 | Reached skill level 15 in Dodging
 29527 | Spider:2 | Received a gift from Okawaru
 29532 | Spider:2 | Got a pair of jewelled boots {god gift}
 29547 | Spider:2 | Identified the +0 pair of boots of Eternity {Str+6} (Okawaru gifted it to you on level 2 of the Spider Nest)
 29643 | Spider:2 | Reached skill level 1 in Unarmed Combat
 29740 | Spider:2 | Noticed Arachne
 29778 | Spider:2 | Killed Arachne
 30129 | Spider:3 | Noticed Roxanne
 30308 | Spider:3 | Gained mutation: Armour fits poorly on your strangely shaped body. [evolution]
 30583 | Spider:3 | Received a gift from Okawaru
 30589 | Spider:3 | Got a bloodstained large shield {god gift}
 30600 | Spider:3 | Identified the +9 large shield of Ypapn {rF+} (Okawaru gifted it to you on level 3 of the Spider Nest)
 30671 | Spider:3 | Reached skill level 5 in Throwing
 31212 | Spider:4 | Entered Level 4 of the Spider Nest
 31276 | Spider:4 | Reached XP level 17. HP: 158/158 MP: 22/22
 31566 | Spider:4 | Got a pair of scorched gloves
 31577 | Spider:4 | Identified the +2 pair of gloves "Booguroa" {rC+ MP+9 SInv Stlth+} (You found it on level 4 of the Spider Nest)
 32580 | Spider:4 | Got a gossamer rune of Zot
 32805 | Spider:4 | Received a gift from Okawaru
 32831 | Spider:4 | Got a warped scale mail {god gift}
 32842 | Spider:4 | Identified the +1 scale mail "Xiweacs" {rC- Int+3 Slay+3} (Okawaru gifted it to you on level 4 of the Spider Nest)
 33114 | Shoals:1 | Entered Level 1 of the Shoals
 33116 | Shoals:1 | Found Tyqeusuw's Book Shop.
 33822 | Shoals:1 | Gained mutation: Your muscles are strong. (Str +2) [evolution]
 34157 | Shoals:2 | Noticed a kraken
 34181 | Shoals:2 | Killed a kraken
 35288 | Shoals:3 | Found Egrausk's Food Emporium.
 35345 | Shoals:3 | Received a gift from Okawaru
 35549 | Shoals:3 | Reached XP level 18. HP: 170/170 MP: 23/23
 35782 | Shoals:3 | Received a gift from Okawaru
 35818 | Shoals:3 | Identified a +2 pair of boots of running (Okawaru gifted it to you on level 3 of the Shoals)
 35979 | Shoals:4 | Entered Level 4 of the Shoals
 35982 | Shoals:4 | Noticed Ilsuiw
 36535 | Shoals:4 | Got a barnacled rune of Zot
 36678 | Shoals:4 | Got a twisted scale mail
 36764 | Shoals:4 | Killed Ilsuiw
 36912 | Shoals:4 | Identified the +4 scale mail "Oghorule" {rF+ rN++ Regen+ Dex-3} (You found it on level 4 of the Shoals)
 36947 | Shoals:4 | Gained mutation: You are agile. (Dex +2) [evolution]
 37741 | Elf:1    | Got a warped amber ring
 37743 | Elf:1    | Identified the ring of Heahoymp {rN+ MP+9} (You found it on level 1 of the Elven Halls)
 37824 | Elf:1    | Found Qiroshras's Food Emporium.
 37824 | Elf:1    | Found Achufofu's General Store.
 38019 | Elf:1    | Received a gift from Okawaru
 38203 | Elf:1    | Reached skill level 10 in Throwing
 38357 | Elf:1    | Found Xatz's Armour Shop.
 39110 | Elf:2    | Reached XP level 19. HP: 175/180 MP: 24/24
 39320 | Elf:2    | Found a runed gate.
 39320 | Elf:2    | Found a runed gate.
 39320 | Elf:2    | Found a runed gate.
 39369 | Elf:2    | Found Netiw's Assorted Antiques.
 39644 | Elf:2    | Found Wigentugh's Gadget Shoppe.
 39644 | Elf:2    | Found Napsys's Jewellery Shop.
 39647 | Elf:2    | Found Emnusan's Jewellery Shop.
 39672 | Elf:2    | Bought the amulet "Geuf" {Reflect rElec Dex+4 SH+3} for 711 gold pieces
 39808 | Elf:2    | Received a gift from Okawaru
 39994 | Elf:2    | Received a gift from Okawaru
 40284 | Elf:3    | Entered Level 3 of the Elven Halls
 40329 | Elf:3    | Noticed sreda's ghost (adept MiFi)
 40409 | Elf:3    | Killed sreda's ghost
 40548 | Elf:3    | Noticed a Brimstone Fiend
 40967 | Elf:3    | Noticed Aizul
 41048 | Elf:3    | Received a gift from Okawaru
 41111 | Elf:3    | Received a gift from Okawaru
 41124 | Elf:3    | Killed Aizul
 41370 | Elf:3    | Received a gift from Okawaru
 41697 | Elf:3    | Reached XP level 20. HP: 191/191 MP: 25/25
 41800 | Elf:3    | Got a pair of smoking boots
 41837 | Elf:3    | Identified Sif Muna's Handbook of Earthen Talismans
 41932 | Elf:3    | Noticed Mara
 42211 | D:15     | Entered Level 15 of the Dungeon
 42439 | D:15     | Reached skill level 1 in Stealth
 42939 | D:15     | Found a staircase to the Depths.
 43129 | Vaults:1 | Entered Level 1 of the Vaults
 43391 | Vaults:1 | Received a gift from Okawaru
 43854 | Vaults:1 | Noticed Jorgrun
 43876 | Vaults:1 | Killed Jorgrun
 44203 | Vaults:1 | Lost mutation: Armour fits poorly on your strangely shaped body. [evolution]
 44273 | Vaults:1 | Received a gift from Okawaru
 44914 | Vaults:2 | Found Ikigeta's Magic Scroll Shoppe.
 44922 | Vaults:2 | Bought a scroll of brand weapon for 360 gold pieces
 44922 | Vaults:2 | Bought a scroll of enchant weapon for 135 gold pieces
 44922 | Vaults:2 | Bought a scroll of blinking for 135 gold pieces
 44978 | Vaults:2 | Found a staircase to the Crypt.
 45095 | Vaults:2 | Received a gift from Okawaru
 45096 | Vaults:2 | Got a heavily runed plate armour {god gift}
 45107 | Vaults:2 | Identified the +5 plate armour of Lilacs {rC+ Str+4} (Okawaru gifted it to you on level 2 of the Vaults)
 45974 | Vaults:3 | Reached XP level 21. HP: 193/200 MP: 26/26
 46043 | Vaults:3 | Identified the cursed -5 pair of boots of Imyll {rPois rC+ Str+3} (You found it on level 3 of the Elven Halls)
 47135 | Vaults:4 | Received a gift from Okawaru
 47587 | Vaults:4 | Noticed Peloso's ghost (adept MiFi)
 47628 | Vaults:4 | Killed Peloso's ghost
 47936 | Vaults:4 | Got a distressingly furry plate armour
 47947 | Vaults:4 | Identified the +2 plate armour of Foolhardiness {rC++ MP+9 Int-3 Dex+4} (You found it on level 4 of the Vaults)
 48240 | Crypt:1  | Entered Level 1 of the Crypt
 48372 | Crypt:1  | Gained mutation: You have a pair of large horns on your head. [evolution]
 48453 | Crypt:1  | Reached skill level 5 in Stealth
 48597 | Crypt:1  | Received a gift from Okawaru
 48657 | Crypt:1  | Reached skill level 10 in Invocations
 48811 | Crypt:1  | Received a gift from Okawaru
 48895 | Crypt:1  | Reached XP level 22. HP: 159/213 MP: 28/28
 49041 | Crypt:1  | Found an ancient bone altar of Kikubaaqudgha.
 49844 | Crypt:2  | Got a scorched morningstar
 49845 | Crypt:2  | Identified the +9 morningstar "Fytizog" {protect, rC++ Str+4} (You found it on level 2 of the Crypt)
 49890 | Crypt:2  | Received a gift from Okawaru
 50196 | Crypt:2  | Received a gift from Okawaru
 50347 | Crypt:3  | Entered Level 3 of the Crypt
 50607 | Crypt:3  | Noticed maxonian's ghost (legendary FoEE)
 50863 | Crypt:3  | Found a staircase to the Tomb.
 51032 | Crypt:3  | Killed maxonian's ghost
 51308 | Crypt:3  | Found an ancient bone altar of Kikubaaqudgha.
 51452 | Crypt:3  | Identified the Almanac of Harmful Curses
 51454 | Crypt:3  | Identified the Collected Works on the Birds and Poison
 51472 | Crypt:3  | Got a scorched steel ring
 51473 | Crypt:3  | Identified the ring "Onetium" {Ice +Inv rElec Int+2} (You found it on level 3 of the Crypt)
 51658 | Crypt:3  | Received a gift from Okawaru
 52207 | Vaults:2 | Lost mutation: Your muscles are strong. (Str +2) [evolution]
 52339 | Depths:1 | Entered Level 1 of the Depths
 52373 | Depths:1 | Found a one-way gate leading to the halls of Pandemonium.
 52438 | Depths:1 | Found a magical portal.
 52455 | WizLab   | Entered The Chambers of the Cloud Mage
 52474 | WizLab   | Reached XP level 23. HP: 213/224 MP: 29/29
 53022 | WizLab   | Identified the Catalogue of Feathers
 53026 | WizLab   | Identified the Collected Works on Weightlessness
 53036 | WizLab   | Got a blackened quick blade
 53037 | WizLab   | Identified the +6 quick blade of a Thousand Dances {freeze, Int+2} (You found it in a wizard's laboratory)
 53293 | Depths:1 | Found a gateway to Hell.
 53797 | Depths:1 | Reached XP level 24. HP: 234/234 MP: 29/29
 54183 | Depths:2 | Found Mubuvien's Gadget Shoppe.
 54222 | Depths:2 | Bought a wand of digging (13/24) for 680 gold pieces
 54306 | Depths:2 | Noticed an ancient lich
 54367 | Depths:2 | Received a gift from Okawaru
 54400 | Depths:2 | Killed an ancient lich
 54452 | Depths:2 | Noticed an ancient lich
 54470 | Depths:2 | Killed an ancient lich
 54804 | Depths:2 | Received a gift from Okawaru
 55371 | Depths:3 | Received a gift from Okawaru
 55603 | Depths:3 | Received a gift from Okawaru
 55620 | Depths:3 | Got a steaming ring mail {god gift}
 55631 | Depths:3 | Identified the +4 ring mail of Lucidity {SInv} (Okawaru gifted it to you on level 3 of the Depths)
 55924 | D:9      | Fell from the grace of Okawaru
 55924 | D:9      | Became a worshipper of the Shining One
 56353 | Depths:3 | Reached XP level 25. HP: 245/245 MP: 14/29
 56426 | Depths:3 | Reached * piety under the Shining One
 57219 | Depths:4 | Noticed Sojobo
 58015 | D:13     | Reached ** piety under the Shining One
 59007 | Depths:4 | Noticed Xtahua
 59517 | Tomb:1   | Entered Level 1 of the Tomb of the Ancients
 59845 | Tomb:1   | Reached *** piety under the Shining One
 59897 | Tomb:1   | Gained mutation: You can translocate small distances at will. [evolution]
 60203 | Tomb:1   | Lost intelligence.
 60696 | Lair:1   | Lost intelligence.
 61190 | Tomb:1   | Noticed a greater mummy
 62019 | Tomb:1   | Killed a greater mummy
 62019 | Tomb:1   | Reached **** piety under the Shining One
 62241 | Tomb:1   | Noticed a greater mummy
 62841 | Depths:4 | Killed Xtahua
 62983 | Depths:4 | Found a gateway to a ziggurat.
 63078 | Depths:4 | Noticed Louise
 63205 | Depths:4 | Killed Louise
 63258 | Depths:4 | Got a garnet-encrusted leather armour
 63269 | Depths:4 | Identified the +1 leather armour of Hedon {MR++ Str+3 Dex+3 Stlth-} (You found it on level 4 of the Depths)
 63323 | Depths:4 | Found a one-way gate to the infinite horrors of the Abyss.
 63428 | Depths:4 | Killed Sojobo
 63943 | Depths:4 | Reached ***** piety under the Shining One
 64280 | Depths:4 | Reached XP level 26. HP: 231/258 MP: 15/29
 65028 | Tomb:1   | Noticed a greater mummy
 65049 | Tomb:1   | Killed a greater mummy
 65242 | Tomb:1   | Got a smelly plate armour
 65253 | Tomb:1   | Identified the +2 plate armour of Pantheism {rC+ rCorr Int-2 Dex+3} (You found it on level 1 of the Tomb of the Ancients)
 65482 | Tomb:1   | Killed a greater mummy
 66424 | Depths:5 | Entered Level 5 of the Depths
 66596 | Depths:5 | Reached skill level 15 in Armour
 66898 | Depths:5 | Reached skill level 10 in Unarmed Combat
 67008 | Hell     | Entered the Vestibule of Hell
 67008 | Hell     | Noticed Geryon
 67076 | Hell     | Reached ****** piety under the Shining One
 67362 | D:9      | Identified a +9 trishula of holy wrath (a +9 demon trident of freezing blessed by the Shining One)
 67362 | D:9      | Received a gift from the Shining One
 67999 | Slime:1  | Entered Level 1 of the Pits of Slime
 68542 | Depths:5 | Was forgiven by Okawaru
 69192 | Depths:5 | Found a gate to the Realm of Zot.
 69282 | Depths:5 | Identified the Volume of Unstable Poison
 69338 | Depths:5 | Identified the Catalogue of Arcane Weapons and Transmigration
 69606 | Hell     | Killed Geryon
 69666 | Hell     | Reached XP level 27. HP: 266/266 MP: 30/30
 69746 | Hell     | Found a gateway to the Iron City of Dis.
 69861 | Hell     | Found a gateway to the decaying netherworld of Tartarus.
 69985 | Hell     | Found a gateway to the ashen valley of Gehenna.
 70173 | Hell     | Found a gateway to the freezing wastes of Cocytus.
 70279 | Tar:1    | Entered Level 1 of Tartarus
 71130 | Tar:7    | Entered Level 7 of Tartarus
 71577 | Tar:7    | Noticed the Serpent of Hell
 71674 | Tar:7    | Killed the Serpent of Hell
 72199 | Tar:7    | Noticed Ereshkigal
 72213 | Tar:7    | Killed Ereshkigal
 72237 | Tar:7    | Identified the Guide on Creative Venom
 72240 | Tar:7    | Got a heavy robe
 72247 | Tar:7    | Got a bone rune of Zot
 72252 | Tar:7    | Got a bound copper ring
 72388 | Tar:7    | Reached skill level 27 in Fighting
 72415 | Hell     | Identified the ring of Kistrotz {rN+ Str+7 Dex-2} (You found it on level 7 of Tartarus)
 72504 | Coc:1    | Entered Level 1 of Cocytus
 72583 | Geh:1    | Entered Level 1 of Gehenna
 72691 | Geh:2    | You are sucked into a shaft for 2 floors!
 73067 | Geh:7    | Entered Level 7 of Gehenna
 73594 | Geh:7    | Noticed Asmodeus
 73606 | Geh:7    | Identified the +1 robe of Filth {Str+5 Int+4} (You found it on level 7 of Tartarus)
 73748 | Geh:7    | Killed Asmodeus
 73820 | Geh:7    | Got an obsidian rune of Zot
 74344 | Vaults:5 | Entered Level 5 of the Vaults
 74713 | Vaults:5 | Identified a scroll of acquirement
 75242 | Vaults:5 | Got a heavily runed bone ring
 75244 | Vaults:5 | Identified the ring of Uboicsue {MP+9 SInv Stlth+} (You found it on level 5 of the Vaults)
 75331 | Vaults:5 | Gained mutation: You are resistant to hostile enchantments. (MR+) [evolution]
 75340 | Vaults:5 | Got a silver rune of Zot
 75447 | Vaults:5 | Got a vibrating pewter amulet
 75449 | Vaults:5 | Identified the amulet of Cyabul {rF- Regen+ Str+4} (You acquired it on level 5 of the Vaults)
 75694 | Vaults:5 | Identified the Papyrus of Venom and Changing
 77108 | Slime:2  | Gained mutation: You tend to lose your temper in combat. [a shining eye]
 77756 | Slime:3  | Gained mutation: Your magical capacity is low. (-10% MP) [a shining eye]
 77763 | Slime:3  | Lost mutation: You are agile. (Dex +2) [a shining eye]
 77902 | Slime:4  | Gained mutation: Your spells are a little easier to cast, but a little less powerful. [a shining eye]
 77997 | Slime:5  | Entered Level 5 of the Pits of Slime
 78031 | Slime:5  | Reached skill level 15 in Unarmed Combat
 78354 | Slime:5  | Gained mutation: Your spells are easier to cast, but less powerful. [a shining eye]
 78881 | Slime:5  | Noticed the Royal Jelly
 78907 | Slime:5  | Killed the Royal Jelly
 78941 | Slime:5  | Gained mutation: You are frail. (-10% HP) [a shining eye]
 78991 | Slime:5  | Identified Risuz's Almanac of Creative Shape Shifting
 79001 | Slime:5  | Identified the Tome of Frigorific Toxins
 79110 | Slime:5  | Got a slimy rune of Zot
 79307 | Lair:1   | Gained mutation: Your spells are much easier to cast, but much less powerful. [potion of mutation]
 79307 | Lair:1   | Gained mutation: You passively map a small area around you. [potion of mutation]
 79308 | Lair:1   | Lost mutation: You evolve. [potion of mutation]
 79308 | Lair:1   | Gained mutation: You evolve. [potion of mutation]
 79309 | Lair:1   | Lost mutation: Your spells are much easier to cast, but much less powerful. [potion of cure mutation]
 79309 | Lair:1   | Lost mutation: Your spells are easier to cast, but less powerful. [potion of cure mutation]
 79309 | Lair:1   | Lost mutation: You have large cloven feet. [potion of cure mutation]
 79310 | Lair:1   | Lost mutation: Your magical capacity is low. (-10% MP) [potion of cure mutation]
 79310 | Lair:1   | Lost mutation: You have a pair of large horns on your head. [potion of cure mutation]
 79310 | Lair:1   | Lost mutation: You can translocate small distances at will. [potion of cure mutation]
 79320 | Lair:1   | Gained mutation: You are partially covered in slimy green scales. (AC +2) [potion of beneficial mutation]
 80071 | Zot:1    | Entered Level 1 of the Realm of Zot
 80087 | Zot:1    | Reached skill level 15 in Invocations
 80864 | Zot:2    | Lost mutation: You are frail. (-10% HP) [evolution]
 81333 | Zot:2    | You fall through a shaft!
 83315 | Zot:5    | Entered Level 5 of the Realm of Zot
 83586 | Zot:5    | Reached skill level 27 in Dodging
 83655 | Zot:5    | Noticed an orb of fire
 83658 | Zot:5    | Noticed an orb of fire
 83662 | Zot:5    | Gained mutation: You are frail. (-10% HP) [an orb of fire]
 83663 | Zot:5    | Noticed an orb of fire
 83663 | Zot:5    | Gained mutation: You are clumsy. (Dex -2) [an orb of fire]
 83665 | Zot:5    | Noticed an orb of fire
 83665 | Zot:5    | Gained mutation: Your body sometimes deteriorates upon taking damage. [an orb of fire]
 83666 | Zot:5    | Gained mutation: You expend magic power (3 MP) to strengthen your wands. [an orb of fire]
 83667 | Zot:5    | Lost mutation: You evolve. [an orb of fire]
 83677 | Zot:5    | Noticed an ancient lich
 83678 | Zot:5    | Gained mutation: You regenerate slowly when monsters are visible. [an orb of fire]
 83680 | Zot:5    | Killed an ancient lich
 83689 | Zot:5    | Reached skill level 15 in Throwing
 83707 | Zot:5    | Gained mutation: You occasionally shout uncontrollably at your foes. [an orb of fire]
 83708 | Zot:5    | Killed an orb of fire
 83712 | Zot:5    | Noticed an orb of fire
 83713 | Zot:5    | Gained mutation: Your body often deteriorates upon taking damage. [an orb of fire]
 83720 | Zot:5    | Noticed an orb of fire
 83725 | Zot:5    | Noticed an orb of fire
 83734 | Zot:5    | Lost mutation: You occasionally shout uncontrollably at your foes. [an orb of fire]
 83735 | Zot:5    | Killed an orb of fire
 83736 | Zot:5    | Noticed an orb of fire
 84409 | Spider:3 | Killed Roxanne
 84686 | Temple   | Fell from the grace of the Shining One
 84686 | Temple   | Became a worshipper of Zin the Law-Giver
 84686 | Temple   | Reached * piety under Zin
 84686 | Temple   | Reached ** piety under Zin
 84686 | Temple   | Reached *** piety under Zin
 84686 | Temple   | Reached **** piety under Zin
 84686 | Temple   | Reached ***** piety under Zin
 85062 | Dis:1    | Entered Level 1 of the Iron City of Dis
 85345 | Depths:4 | Voluntarily entered the Abyss.
 85505 | Abyss:2  | Paralysed by accursed screaming for 1 turns
 86569 | Abyss:3  | Found a hazy altar of Hepliaklqana.
 86764 | Abyss:3  | Reached ****** piety under Zin
 87297 | Abyss:3  | Identified a +4 rod of ignition (9/9) (You found it on level 3 of the Abyss)
 87371 | Abyss:3  | Found a corrupted altar of Lugonu.
 87742 | Abyss:3  | Found a corrupted altar of Lugonu.
 87755 | Abyss:3  | Got an abyssal rune of Zot
 87903 | Depths:4 | Escaped the Abyss
 88349 | Zot:5    | Got a transparent leather armour
 88360 | Zot:5    | Identified the +2 leather armour of Melancholy {rElec rC+ Slay+2} (You found it on level 5 of the Realm of Zot)
 88642 | Zot:5    | Killed an orb of fire
 88702 | Zot:5    | Killed an orb of fire
 88809 | Zot:5    | Cast into level 5 of the Abyss (a Zot trap)
 88809 | Abyss:5  | Entered Level 5 of the Abyss
 88809 | Abyss:5  | Found a corrupted altar of Lugonu.
 89027 | Abyss:5  | Found a corrupted altar of Lugonu.
 89243 | Zot:5    | Escaped the Abyss
 89287 | Zot:5    | Killed an orb of fire
 89337 | Zot:5    | Killed an orb of fire
 89498 | Zot:5    | Killed an orb of fire
 89551 | Zot:5    | Killed an orb of fire
 89808 | Zot:5    | Received a gift from Zin
 89808 | Zot:5    | Lost mutation: You are partially covered in slimy green scales. (AC +2) [Zin's power]
 89808 | Zot:5    | Lost mutation: You tend to lose your temper in combat. [Zin's power]
 89808 | Zot:5    | Lost mutation: You are clumsy. (Dex -2) [Zin's power]
 89808 | Zot:5    | Lost mutation: Your body often deteriorates upon taking damage. [Zin's power]
 89808 | Zot:5    | Lost mutation: Your body sometimes deteriorates upon taking damage. [Zin's power]
 89808 | Zot:5    | Lost mutation: You are frail. (-10% HP) [Zin's power]
 89808 | Zot:5    | Lost mutation: You are resistant to hostile enchantments. (MR+) [Zin's power]
 89808 | Zot:5    | Lost mutation: You passively map a small area around you. [Zin's power]
 89808 | Zot:5    | Lost mutation: Your system is resistant to poisons. (rPois) [Zin's power]
 89808 | Zot:5    | Lost mutation: You regenerate slowly when monsters are visible. [Zin's power]
 89808 | Zot:5    | Lost mutation: Your spells are a little easier to cast, but a little less powerful. [Zin's power]
 89808 | Zot:5    | Lost mutation: You expend magic power (3 MP) to strengthen your wands. [Zin's power]
 92932 | Dis:7    | Entered Level 7 of the Iron City of Dis
 93144 | Dis:7    | Reached skill level 27 in Armour
 93367 | Dis:7    | Reached skill level 27 in Shields
 93734 | Dis:7    | Reached skill level 10 in Stealth
 94383 | Dis:7    | Got an ancient brass amulet
 94391 | Dis:7    | Identified the amulet "Ollully" {Spirit *Corrode rPois MR++ Dex+4} (You found it on level 7 of the Iron City of Dis)
 94979 | Dis:7    | Noticed Dispater
 94980 | Dis:7    | Got an iron rune of Zot
 95010 | Dis:7    | Killed Dispater
 95012 | Dis:7    | Got a transparent shield
 95021 | Dis:7    | Got a pair of scorched boots
 95195 | Hell     | Identified the +3 shield of Purpose {rN+} (You took it off Dispater on level 7 of the Iron City of Dis)
 95216 | Hell     | Identified the +1 pair of boots "Daicig" {rF+ MR- Dex+6 Slay+3} (You found it on level 7 of the Iron City of Dis)
 95754 | Tomb:2   | Noticed Mennas
 95755 | Tomb:2   | Noticed a greater mummy
 95756 | Tomb:2   | Noticed a greater mummy
 95757 | Tomb:2   | Noticed an ancient lich
 95875 | Tomb:2   | Noticed a greater mummy
 95882 | Tomb:1   | Killed a greater mummy
 95960 | Tomb:1   | Killed a greater mummy
 96041 | Tomb:2   | Killed a greater mummy
 96041 | Tomb:2   | Reached skill level 1 in Spellcasting
 96059 | Tomb:2   | Killed Mennas
 96065 | Tomb:2   | Killed an ancient lich
 96491 | Tomb:1   | Noticed a greater mummy
 96498 | Tomb:1   | Killed a greater mummy
 96501 | Tomb:1   | Noticed a greater mummy
 96507 | Tomb:1   | Killed a greater mummy
 96508 | Tomb:1   | Noticed a greater mummy
 96513 | Tomb:1   | Killed a greater mummy
 96540 | Tomb:1   | Noticed a greater mummy
 96636 | Tomb:1   | Noticed a greater mummy
 96647 | Tomb:1   | Killed a greater mummy
 96655 | Tomb:1   | Killed a greater mummy
 96761 | Tomb:1   | Noticed a greater mummy
 96761 | Tomb:1   | Noticed a greater mummy
 96775 | Tomb:1   | Killed a greater mummy
 96796 | Tomb:1   | Killed a greater mummy
 96870 | Tomb:1   | Noticed a greater mummy
 96882 | Tomb:1   | Killed a greater mummy
 96886 | Tomb:1   | Noticed a greater mummy
 96896 | Tomb:1   | Killed a greater mummy
 97010 | Tomb:1   | Noticed a greater mummy
 97048 | Tomb:1   | Killed a greater mummy
 97125 | Tomb:1   | Noticed a greater mummy
 97132 | Tomb:1   | Killed a greater mummy
 97139 | Tomb:1   | Noticed a greater mummy
 97146 | Tomb:1   | Noticed a greater mummy
 97151 | Tomb:1   | Killed a greater mummy
 97153 | Tomb:1   | Noticed a greater mummy
 97187 | Tomb:1   | Killed a greater mummy
 97206 | Tomb:1   | Killed a greater mummy
 97378 | Tomb:1   | Noticed a greater mummy
 97391 | Tomb:1   | Killed a greater mummy
 98133 | Tomb:3   | Entered Level 3 of the Tomb of the Ancients
 98296 | Tomb:3   | Noticed a greater mummy
 98302 | Tomb:3   | Noticed a greater mummy
 98320 | Tomb:3   | Killed a greater mummy
 98327 | Tomb:3   | Noticed a greater mummy
 98339 | Tomb:3   | Killed a greater mummy
 98362 | Tomb:3   | Noticed a greater mummy
 98518 | Tomb:3   | Killed a greater mummy
 98532 | Tomb:3   | Killed a greater mummy
 98600 | Tomb:3   | Noticed Jory
 98613 | Tomb:3   | Killed Jory
 98867 | Tomb:3   | Noticed a greater mummy
 98875 | Tomb:3   | Killed a greater mummy
 99015 | Tomb:3   | Got an encrusted halberd
 99055 | Tomb:3   | Got a steaming glaive
 99065 | Tomb:3   | Identified the cursed +1 halberd "Lefubu" {vamp, Str+4 Stlth+} (You found it on level 3 of the Tomb of the Ancients)
 99067 | Tomb:3   | Identified the +10 glaive of Defiance {chop, rElec Str+4 Stlth+} (You found it on level 3 of the Tomb of the Ancients)
 99094 | Tomb:3   | Got a transparent hat
 99105 | Tomb:3   | Identified the -3 hat "Qomuruav" {rF+ rN+} (You found it on level 3 of the Tomb of the Ancients)
 99119 | Tomb:3   | Noticed a greater mummy
 99133 | Tomb:3   | Killed a greater mummy
 99133 | Tomb:3   | Lost intelligence.
 99190 | Tomb:3   | Noticed a greater mummy
 99242 | Tomb:2   | Lost intelligence.
 99295 | Tomb:3   | Killed a greater mummy
 99306 | Tomb:3   | Reached skill level 1 in Evocations
 99379 | Tomb:3   | Noticed a greater mummy
 99389 | Tomb:3   | Killed a greater mummy
 99562 | Tomb:3   | Noticed a greater mummy
 99572 | Tomb:3   | Killed a greater mummy
 99636 | Tomb:3   | Got a golden rune of Zot
100085 | Tomb:1   | Noticed a greater mummy
100096 | Tomb:1   | Killed a greater mummy
101667 | Coc:7    | Entered Level 7 of Cocytus
102059 | Coc:7    | Noticed an ancient lich
102063 | Coc:7    | Killed an ancient lich
102103 | Coc:7    | Noticed Antaeus
102231 | Coc:7    | Gained mutation: Your body sometimes deteriorates upon taking damage. [mutagenic glow]
102256 | Coc:7    | Gained mutation: Scrolls take you a little longer to read. [mutagenic glow]
102481 | Coc:7    | Reached skill level 5 in Spellcasting
102877 | Coc:7    | Reached skill level 15 in Stealth
103104 | Coc:7    | Killed Antaeus
103242 | Coc:7    | Identified Sif Muna's Catalogue of Boosting Dislocation
103258 | Coc:7    | Got an icy rune of Zot
104021 | Pan      | Entered Pandemonium
104157 | Pan      | HP: 8/273 [blizzard demon/the air (36)]
104462 | Pan      | Noticed Qaodeuf the pandemonium lord
104494 | Pan      | Killed Qaodeuf the pandemonium lord
104513 | Pan      | Got a demonic rune of Zot
104517 | Pan      | Found an exit through the horrors of the Abyss.
104934 | Pan      | Noticed Dereo the pandemonium lord
104952 | Pan      | Killed Dereo the pandemonium lord
104969 | Pan      | Got a flickering glass ring
104971 | Pan      | Identified the ring of Dath {-Tele MR+ Dex+3 Stlth-} (You found it in Pandemonium)
105374 | Pan      | Noticed Fomusuc the pandemonium lord
105831 | Pan      | Noticed busta's ghost (legendary DsGl)
105858 | Pan      | Killed busta's ghost
106416 | Pan      | Found an exit through the horrors of the Abyss.
106451 | Pan      | Noticed Dud Geum the pandemonium lord
106469 | Pan      | Killed Dud Geum the pandemonium lord
106541 | Depths:1 | Escaped Pandemonium
106899 | Orc:2    | Bought a book of Party Tricks for 600 gold pieces
106901 | Orc:2    | Learned a level 1 spell: Apportation
107624 | Zot:5    | Noticed Xesiv the pandemonium lord
107627 | Zot:5    | Noticed Qeblafo the pandemonium lord
107639 | Zot:5    | Got the Orb of Zot
107803 | Zot:1    | Noticed a seraph
108126 | D:12     | Noticed Ygeufola the pandemonium lord
108272 | D:4      | Noticed Mehap the pandemonium lord
108363 | D:1      | Noticed Naxzoudu the pandemonium lord
108370 | D:1      | Noticed Kuruton the pandemonium lord
108383 | D:$      | Escaped with the Orb!

Skill      XL: |  1  2  3  4  5  6  7  8  9 10 11 12 13 14 15 16 17 18 19 20 21 22 23 24 25 26 27 |
---------------+----------------------------------------------------------------------------------+-----
Polearms       | 4 5 6 8 10 13 14 16 20 | 20.3
Dodging        | 4 5 8 9 11 12 13 14 15 17 18 19 20 21 22 27 | 27.0
Fighting       | 3 4 5 9 10 12 13 14 15 16 17 18 19 21 22 23 25 26 27 | 27.0
Armour         | 4 5 7 9 10 11 12 13 14 15 27 | 27.0
Invocations    | 3 4 6 7 9 10 11 22 | 22.6
Shields        | 4 7 10 15 17 19 22 24 25 27 | 27.0
Throwing       | 3 4 5 8 10 11 19 | 19.2
Unarmed Combat | 3 6 9 11 23 | 23.9
Stealth        | 3 5 7 8 9 16 | 16.2
Spellcasting   | 6 |  6.5
Evocations     | 4 |  4.6

Action                   |  1- 3 |  4- 6 |  7- 9 | 10-12 | 13-15 | 16-18 | 19-21 | 22-24 | 25-27 || total
-------------------------+-------+-------+-------+-------+-------+-------+-------+-------+-------++-------
Melee: Trident           |   110 |   172 |   265 |   692 |   116 |       |       |       |       ||  1355
       Headbutt          |    10 |    31 |    65 |   221 |   429 |   505 |   516 |   589 |  3792 ||  6158
       Punch             |       |       |       |     4 |       |       |       |       |       ||     4
       Halberd           |       |       |       |    48 |       |       |       |       |       ||    48
       Demon trident     |       |       |       |       |  1392 |  2050 |  1836 |  1439 |       ||  6717
       Unarmed           |       |       |       |       |    28 |       |       |   192 |       ||   220
       Spear             |       |       |       |       |       |       |       |    56 |  2622 ||  2678
       Trishula          |       |       |       |       |       |       |       |       |  8369 ||  8369
       Kick              |       |       |       |       |       |       |       |       |   418 ||   418
Throw: Throwing net      |       |       |     5 |     2 |     1 |     1 |       |     3 |     9 ||    21
       Stone             |       |       |     4 |       |       |       |       |       |       ||     4
       Javelin           |       |       |       |     2 |    41 |    57 |    44 |     9 |   242 ||   395
 Cast: Apportation       |       |       |       |       |       |       |       |       |    45 ||    45
Invok: Heroism           |       |       |       |     9 |     1 |     1 |     1 |     3 |       ||    15
       Finesse           |       |       |       |     4 |     3 |     3 |     2 |     3 |       ||    15
       Cleansing Flame   |       |       |       |       |       |       |       |       |    24 ||    24
       Divine Shield     |       |       |       |       |       |       |       |       |    12 ||    12
       Brand Weapon With |       |       |       |       |       |       |       |       |     1 ||     1
       Vitalisation      |       |       |       |       |       |       |       |       |    42 ||    42
       Recite            |       |       |       |       |       |       |       |       |    17 ||    17
       Summon Divine War |       |       |       |       |       |       |       |       |    13 ||    13
       Imprison          |       |       |       |       |       |       |       |       |     3 ||     3
       Sanctuary         |       |       |       |       |       |       |       |       |     1 ||     1
       Cure All Mutation |       |       |       |       |       |       |       |       |     1 ||     1
 Abil: Stop Flying       |       |       |       |       |       |       |       |       |     1 ||     1
       Evoke Flight      |       |       |       |       |       |       |       |       |     1 ||     1
Evoke: Wand              |       |       |     5 |       |    10 |       |       |     1 |     3 ||    19
  Use: Scroll            |       |    10 |     1 |    14 |    14 |     2 |     7 |     3 |    24 ||    75
       Potion            |       |     3 |       |     1 |     6 |     1 |       |     1 |    47 ||    59
 Stab: Sleeping          |     1 |     1 |     3 |    15 |     9 |    25 |    54 |    25 |    71 ||   204
       Invisible         |       |     2 |       |       |       |       |       |       |     3 ||     5
       Held in net/web   |       |       |     1 |     2 |     2 |     1 |       |       |     5 ||    11
       Distracted        |       |       |     2 |     5 |     1 |     7 |     9 |    11 |    81 ||   116
       Confused          |       |       |       |       |       |       |       |       |     7 ||     7
  Eat: Chunk             |       |    10 |    10 |    20 |    40 |    30 |    22 |    16 |    64 ||   212
       Bread ration      |       |       |       |     1 |       |     1 |       |       |     7 ||     9
       Pizza             |       |       |       |       |     1 |       |       |       |     5 ||     6
       Beef jerky        |       |       |       |       |     1 |       |       |     2 |     4 ||     7
       Fruit             |       |       |       |       |       |     3 |       |     8 |    10 ||    21
       Meat ration       |       |       |       |       |       |       |     2 |       |    13 ||    15
       Royal jelly       |       |       |       |       |       |       |       |       |     3 ||     3
Armor: Leather armour    |    22 |     6 |       |       |       |       |       |       |       ||    28
       Ring mail         |       |    21 |    21 |    63 |    37 |       |       |       |       ||   142
       Troll leather arm |       |       |       |       |    72 |   129 |    37 |    45 |   468 ||   751
Dodge: Dodged            |    55 |    79 |    82 |   255 |   476 |   467 |   186 |   245 |  2938 ||  4783
Block: Buckler           |       |       |       |    95 |    47 |       |       |       |       ||   142
       Shield            |       |       |       |       |   627 |   428 |       |       |       ||  1055
       Other             |       |       |       |       |     8 |       |       |       |       ||     8
       Reflection        |       |       |       |       |    50 |   139 |   164 |    37 |   306 ||   696
       Large shield      |       |       |       |       |       |  1300 |  1092 |  1226 |  9921 || 13539
